 Dungeon Crawl Stone Soup version 0.31-a0-750-gfe7b580527 (webtiles) character file.

Game seed: 5139048167259104783

11970 cforsyth the Fighter (level 12, -5/88 HPs)
             Began as a Djinni Delver on Sept 14, 2023.
             Was a Priest of Hepliaklqana.
             Engulfed by a cloud of flame (11 damage)
             ... in a Gauntlet.
             The game lasted 00:22:23 (13250 turns).

cforsyth the Fighter (Djinni Delver)               Turns: 13250, Time: 00:22:24

Health: -5/88      AC:  3    Str: 11    XL:     12   Next: 14%
Gold:   325        EV: 17    Int: 17    God:    Hepliaklqana [***...] SH:  0 Dex: 15

rFire   + . .        q - +8 spear (venom)
rCold   . . .        (no shield)
rNeg    . . .        x - +2 leather armour {rC+}
rPois   ∞            E - +1 helmet of Limited Liability {+Blink rF- SInv}
rElec   .            y - +0 cloak
rCorr   +            D - +2 pair of gloves
SInv    +            (boots unavailable)
Will    +....        (no amulet)
Stlth   +            K - ring of resist corrosion
HPRegen 0.34/turn    w - +5 ring of evasion
MPRegen 0.00/turn

%: no teleportation, infuse magic (-6 HP)
@: confused, ambrosia-drunk, wereblooded, corroded, flying, very slightly
contaminated
A: reduced essence, sickness immunity, fire resistance 2, cold vulnerability 1,
float, innate caster, HP casting, extra vitality 1
a: Renounce Religion, Evoke Blink, Recall Ancestor, Ancestor Identity,
Transference


You were in a Gauntlet.
You worshipped Hepliaklqana.
Hepliaklqana was most pleased with you.
You visited 2 branches of the dungeon, and saw 12 of its levels.
You also visited: Gauntlet.

You collected 732 gold pieces.
You spent 407 gold pieces at shops.

Inventory:

Hand Weapons
 a - a +0 falchion
 q - a +8 spear of venom (weapon)
Missiles
 O - 4 throwing nets
Armour
 x - a +2 leather armour of cold resistance (worn)
 y - a +0 cloak (worn)
 B - a +0 helmet
 D - a +2 pair of gloves (worn)
 E - the +1 helmet of Limited Liability (worn) {+Blink rF- SInv}
   (You bought it in a shop on level 2 of the Dungeon)

   rF-:       It makes you vulnerable to fire.
   SInv:      It lets you see invisible.
   +Blink:    It lets you blink.
 N - a +0 troll leather armour
Jewellery
 n - a +6 ring of strength
 w - a +5 ring of evasion (right hand)
 K - a ring of resist corrosion (left hand)
 M - a +6 ring of intelligence
Wands
 g - a wand of digging (10)
 j - a wand of charming (25)
 u - a wand of mindburst (9)
 I - a wand of quicksilver (9)
 L - a wand of flame (21)
Scrolls
 b - a scroll of noise {unknown}
 c - 2 scrolls of fog
 d - 3 scrolls of revelation
 e - 3 scrolls of fear
 h - 10 scrolls of teleportation {unknown}
 o - 2 scrolls of enchant armour {unknown}
 r - a scroll of immolation {unknown}
 s - 5 scrolls of amnesia {unknown}
 A - 7 scrolls of identify {unknown}
 F - a scroll of silence {unknown}
 J - a scroll of vulnerability {unknown}
 P - a scroll of acquirement {unknown}
Potions
 f - 4 potions of haste
 i - 3 potions of invisibility {unknown}
 k - a potion of lignification {unknown}
 l - 2 potions of berserk rage {unknown}
 m - 9 potions of curing {unknown}
 p - a potion of ambrosia
 t - 3 potions of degeneration {unknown}
 v - 2 potions of cancellation {unknown}
 z - a potion of mutation
 C - a potion of resistance {unknown}
 G - a potion of magic {unknown}
 H - 2 potions of heal wounds {unknown}


   Skills:
 + Level 13.4 Fighting
 - Level 1.7 Long Blades
 - Level 2.1 Dodging
 - Level 4.1 Stealth
 + Level 9.9 Spellcasting
 + Level 9.9 Conjurations
 + Level 9.9 Hexes
 + Level 9.9 Summonings
 + Level 9.9 Necromancy
 + Level 9.9 Translocations
 + Level 9.9 Transmutations
 + Level 9.9 Fire Magic
 + Level 9.9 Ice Magic
 + Level 9.9 Air Magic
 + Level 9.9 Earth Magic
 + Level 9.9 Poison Magic


You knew the following spells:

 Your Spells              Type           Power      Damage    Failure   Level
a - Summon Small Mammal   Summ           100%       N/A       1%          1
b - Wereblood             Tmut           42%        N/A       1%          2
c - Frozen Ramparts       Ice            84%        1d13      1%          3
d - Inner Flame           Hex/Fire       42%        N/A       1%          3
e - Lee's Rapid Deconstr  Erth           21%        3d12*     5%          5
Your spell library was empty.

Dungeon Overview and Level Annotations

Branches:
Dungeon (11/15)            Temple (1/1) D:6            Lair (0/5) D:9
    Orc (0/2) D:10        Gauntlet (1/1)

Altars:
Ashenzari
Cheibriados
Dithmenos
Elyvilon
Fedhas
Gozag
Hepliaklqana
Makhleb
Nemelex Xobeh
Okawaru
Qazlal
Ru
Trog
Uskayaw
Wu Jian
Xom
Yredelemnul
Zin
The Shining One

Shops:
D:2 [   D:3 (   D:6 [   D:7 [   D:8 [*!=!   D:9 :   D:10 ([

Annotations:
D:8 2 transporters Gauntlet 3 runed translucent doors, 11 transporters, exclusions: 2 lightning spires and oklob plant


Innate Abilities, Weirdness & Mutations

Your life essence is reduced to manifest your ancestor. (-10% HP)
You are immune to sickness and miasma.
You are immune to poison.
Your flesh is very heat resistant. (rF++)
You are vulnerable to cold. (rC-)
You float through the air rather than walking.
You learn spells naturally, not from books.
Your magical power is your life essence.
You have superior vitality. (+4 MHP)


Message History

The iron imp closely misses you.
Septimus hits the rust devil with a +0 flail.
Flame seeps out of the rust devil.
The rust devil closely misses you.
Casting: Lee's Rapid Deconstruction (dangerous; 5% risk of failure)
Confirm with . or Enter, or press ? or * to list all spells.
Aiming: Lee's Rapid Deconstruction (dangerous; 5% risk of failure)
Press: ? - help, Dir - move target An orcish idol.
You miscast Lee's Rapid Deconstruction.
You are very lightly contaminated with residual magic.
You are blasted with sand.
* * * LOW HITPOINT WARNING * * *
The iron imp hits you.
* * * LOW HITPOINT WARNING * * *
The rust devil closely misses you.
Casting: Lee's Rapid Deconstruction (dangerous; 5% risk of failure)
Confirm with . or Enter, or press ? or * to list all spells.
Aiming: Lee's Rapid Deconstruction (dangerous; 5% risk of failure)
Press: ? - help, Dir - move target An orcish idol.
The stone idol shatters!
The blast of rock fragments hits the rust devil but does no damage.
The rust devil is almost dead.
Septimus avoids your attack.
* * * LOW HITPOINT WARNING * * *
Septimus hits the rust devil but does no damage.
The iron imp barely misses you.
The rust devil hits Septimus.
The rust devil corrodes Septimus!
You are confused.
You feel invigorated.
Septimus hits the rust devil with a +0 flail!
The rust devil explodes!
The fiery explosion engulfs you! You resist.
* * * LOW HITPOINT WARNING * * *
Septimus avoids your attack.
The fiery explosion engulfs the iron imp.
The iron imp completely resists.
The iron imp is severely wounded.
You are engulfed in blazing flames.
You resist.
You die...

##≈.∩.#.......#.⌠. ...+.
##≈≈...#########...
######
#≈≈≈.⌠.........#.⌠.
......
##≈≈...#########...
###### ##≈.∩.#.......#.⌠.
.8#8..
##...#.8.#.#.#...#...8..$
##..#.§R5..)#.⌠.#8.8.8..
##©#.8§§.#©#©.©##8.©.8©
##≈.#.§@§..?#####8.8.8..
#≈≈.#.⌠.#.#.#...#...8..G
##≈.#.......#.⌠.#..8#8.G
##.#########...########
##≈.....................
#≈≈≈#≈≈≈#≈≈≈#≈≈≈#≈≈≈#≈≈≈
##≈###≈###≈###≈###≈###≈#
### ### ### ### ### ###


You could see the friendly Septimus the knight (corroded) and an iron imp (ally
target).

Vanquished Creatures
  Josephine (D:10)
  2 two-headed ogres
  Urug (D:10)
  An efreet (D:11)
  A troll (D:9)
  Prince Ribbit (D:7)
  Sigmund (D:4)
  12 yaks
  A wyvern (D:8)
  4 wraiths (D:10)
  A steam dragon (D:9)
  Edmund (D:5)
  An acid dragon (D:9)
  3 water moccasins
  Duvessa (D:4)
  An ice beast (D:7)
  A black bear (D:5)
  2 centaurs
  2 ogres
  A phantom (D:4)
  8 kobold brigands
  4 bullfrogs
  A scorpion (D:6)
  Dowan (D:4)
  10 killer bees (D:8)
  2 howler monkeys (D:10)
  2 jellies (D:5)
  3 hounds
  4 orc priests
  A gnoll bouda (D:5)
  3 iron imps (Gauntlet)
  Ijyb (D:3)
  Terence (D:3)
  An iguana (D:7)
  3 orc wizards
  20 gnolls
  5 adders
  A shadow imp (D:8)
  2 worms (D:3)
  A dart slug (D:3)
  14 orcs
  7 ball pythons
  3 endoplasms
  6 giant cockroaches
  7 goblins
  7 hobgoblins
  10 jackals
  A quokka (D:2)
  5 bats
  3 frilled lizards (D:3)
  51 kobolds
  4 rats
231 creatures vanquished.

Vanquished Creatures (collateral kills)
  Harold (D:10)
  An orange crystal statue (D:10)
  A rust devil (Gauntlet)
  Joseph (D:7)
  4 yaks
  A ynoxinul (Gauntlet)
  An ice beast (D:6)
  A kobold brigand (D:7)
  2 bullfrogs
  A gnoll sergeant (D:7)
  A scorpion (D:6)
  A hound (D:6)
  5 orcs
  A ball python (D:1)
  4 kobolds
  A bat (D:1)
27 creatures vanquished.

Vanquished Creatures (others)
  3 knights
3 creatures vanquished.

Grand Total: 261 creatures vanquished

Notes
Turn   | Place    | Note
-------+----------+-------------------------------------------
     0 | D:5      | cforsyth the Djinni Delver began the quest for the Orb.
     0 | D:5      | Reached XP level 1. HP: 20/20 MP: 0/0
   141 | D:5      | Noticed a black bear
   365 | D:5      | Identified the +7 short sword of Tenacity {heavy, rC+ rN+}
   598 | D:5      | Reached XP level 2. HP: 25/25 MP: 0/0
   647 | D:4      | Noticed a centaur
   737 | D:4      | Reached skill level 1 in Spellcasting
   737 | D:4      | Reached skill level 1 in Conjurations
   737 | D:4      | Reached skill level 1 in Hexes
   737 | D:4      | Reached skill level 1 in Summonings
   737 | D:4      | Reached skill level 1 in Necromancy
   737 | D:4      | Reached skill level 1 in Translocations
   737 | D:4      | Reached skill level 1 in Transmutations
   737 | D:4      | Reached skill level 1 in Fire Magic
   737 | D:4      | Reached skill level 1 in Ice Magic
   737 | D:4      | Reached skill level 1 in Air Magic
   737 | D:4      | Reached skill level 1 in Earth Magic
   737 | D:4      | Reached skill level 1 in Poison Magic
   737 | D:4      | Reached XP level 3. HP: 26/30 MP: 0/0
   737 | D:4      | Learned a level 1 spell: Summon Small Mammal
   847 | D:4      | Noticed a phantom
   862 | D:4      | Killed a phantom
   863 | D:4      | Reached skill level 4 in Fighting
   863 | D:4      | Reached XP level 4. HP: 9/37 MP: 0/0
   863 | D:4      | Reached XP level 5. HP: 10/41 MP: 0/0
   863 | D:4      | Learned a level 2 spell: Wereblood
   867 | D:4      | Noticed Sigmund
  1014 | D:4      | Killed Sigmund
  1015 | D:4      | Reached skill level 5 in Fighting
  1015 | D:4      | Reached XP level 6. HP: 34/49 MP: 0/0
  1369 | D:4      | Noticed Dowan
  1577 | D:5      | Noticed Edmund
  1595 | D:4      | Killed Dowan
  1867 | D:3      | Found Ymo Efan's Weapon Boutique.
  1881 | D:3      | Reached XP level 7. HP: 52/54 MP: 0/0
  1881 | D:3      | Learned a level 3 spell: Frozen Ramparts
  2056 | D:3      | Noticed Ijyb
  2069 | D:3      | Killed Ijyb
  2252 | D:4      | Noticed Duvessa
  2257 | D:4      | Killed Duvessa
  2258 | D:4      | Reached skill level 6 in Fighting
  2315 | D:4      | Found a bloodstained altar of Trog.
  2387 | D:4      | Found an opulent altar of Gozag.
  2388 | D:4      | Found a blossoming altar of Fedhas.
  2710 | D:5      | Reached XP level 8. HP: 34/62 MP: 0/0
  3460 | D:5      | Killed Edmund
  3461 | D:5      | Reached skill level 7 in Fighting
  4236 | D:5      | Reached skill level 5 in Spellcasting
  4236 | D:5      | Reached skill level 5 in Conjurations
  4236 | D:5      | Reached skill level 5 in Hexes
  4236 | D:5      | Reached skill level 5 in Summonings
  4236 | D:5      | Reached skill level 5 in Necromancy
  4236 | D:5      | Reached skill level 5 in Translocations
  4236 | D:5      | Reached skill level 5 in Transmutations
  4236 | D:5      | Reached skill level 5 in Fire Magic
  4236 | D:5      | Reached skill level 5 in Ice Magic
  4236 | D:5      | Reached skill level 5 in Air Magic
  4236 | D:5      | Reached skill level 5 in Earth Magic
  4236 | D:5      | Reached skill level 5 in Poison Magic
  4580 | D:6      | Found Cecom's Armour Emporium.
  4616 | D:6      | Reached skill level 8 in Fighting
  4616 | D:6      | Reached XP level 9. HP: 69/70 MP: 0/0
  4616 | D:6      | Learned a level 3 spell: Inner Flame
  4637 | D:6      | Found a staircase to the Ecumenical Temple.
  4643 | Temple   | Entered the Ecumenical Temple
  4654 | Temple   | Became a worshipper of Hepliaklqana the Forgotten
  4938 | D:3      | Noticed Terence
  4943 | D:3      | Killed Terence
  5252 | D:2      | Found a hide-covered altar of Uskayaw.
  5435 | D:2      | Identified the +2 leather armour "Syomomo" {rPois Will+
                  | rCorr Int+6}
  5440 | D:2      | Reached * piety under Hepliaklqana
  5478 | D:2      | Found Deuraxki's Antique Armour Shoppe.
  6142 | D:1      | Reached ** piety under Hepliaklqana
  6195 | D:1      | Remembered your ancestor Septimus as a knight
  7274 | D:2      | Bought a scorched helmet for 266 gold pieces
  7274 | D:2      | Identified the +1 helmet of Limited Liability {+Blink rF-
                  | SInv} (You bought it in a shop on level 2 of the Dungeon)
  7678 | D:6      | Reached skill level 9 in Fighting
  8241 | D:7      | Noticed Prince Ribbit
  8486 | D:7      | Noticed Joseph
  8500 | D:7      | Killed Joseph
  8501 | D:7      | Reached skill level 10 in Fighting
  8501 | D:7      | Reached XP level 10. HP: 35/72 MP: 0/0
  8760 | D:7      | Found Jyir's Antique Armour Emporium.
  8906 | D:7      | Killed Prince Ribbit
  9351 | D:8      | Noticed a two-headed ogre
  9446 | D:8      | Killed a two-headed ogre
  9447 | D:8      | Reached skill level 11 in Fighting
  9541 | D:8      | Found Yshraogh's Distillery.
  9581 | D:8      | Found a stormy altar of Qazlal.
  9655 | D:8      | Found Bolulys's Distillery.
  9690 | D:8      | Found a broken altar of Ashenzari.
  9767 | D:8      | Found Naeblo's Assorted Antiques.
  9773 | D:8      | Bought a scroll labelled EFOSOG DATEMIHUNNU for 30 gold
                  | pieces
  9773 | D:8      | Bought a clear potion for 27 gold pieces
  9773 | D:8      | Bought a clear potion for 27 gold pieces
  9773 | D:8      | Bought a scroll labelled TEMUKHL ZAUNA for 30 gold pieces
  9773 | D:8      | Bought a clear potion for 27 gold pieces
  9792 | D:8      | Found Xerudubi's Armour Emporium.
  9897 | D:8      | Found a transporter.
  9900 | D:8      | Found Weap Viec's Jewellery Shop.
  9934 | D:8      | Reached *** piety under Hepliaklqana
 10060 | D:8      | Found a transporter.
 10280 | D:9      | Reached XP level 11. HP: 67/78 MP: 0/0
 10280 | D:9      | Learned a level 5 spell: Lee's Rapid Deconstruction
 10566 | D:9      | Reached skill level 12 in Fighting
 10787 | D:9      | Found Muqios's Tiny Tomes.
 10799 | D:9      | Found a sacrificial altar of Ru.
 10919 | D:9      | Found a shimmering altar of Xom.
 11009 | D:9      | Found a staircase to the Lair.
 11274 | D:10     | Entered Level 10 of the Dungeon
 11274 | D:10     | Noticed an orange crystal statue
 11282 | D:10     | Killed an orange crystal statue
 11506 | D:10     | Noticed Josephine
 11512 | D:10     | Killed Josephine
 11838 | D:10     | Noticed Urug
 11844 | D:10     | Killed Urug
 11988 | D:10     | Found Nevululo's Weapon Boutique.
 11989 | D:10     | Found a staircase to the Orcish Mines.
 11991 | D:10     | Found Waj Tuun's Armour Boutique.
 12184 | D:10     | Noticed Harold
 12190 | D:10     | Killed Harold
 12191 | D:10     | Reached skill level 13 in Fighting
 12697 | D:10     | Found a glowing silver altar of Zin.
 12811 | D:11     | Noticed a two-headed ogre
 12816 | D:11     | Killed a two-headed ogre
 12817 | D:11     | Reached XP level 12. HP: 73/88 MP: 0/0
 12825 | D:11     | Found a gate leading to a gauntlet.
 12883 | Gauntlet | Entered a Gauntlet
 12883 | Gauntlet | Found a runed translucent door.
 12883 | Gauntlet | Found a transporter.
 12883 | Gauntlet | Found a runed translucent door.
 12883 | Gauntlet | Found a transporter.
 12947 | Gauntlet | Found a transporter.
 12951 | Gauntlet | Found a transporter.
 12962 | Gauntlet | Found a transporter.
 12964 | Gauntlet | Found a transporter.
 12972 | Gauntlet | Found a transporter.
 12993 | Gauntlet | Found a transporter.
 13010 | Gauntlet | Found a transporter.
 13014 | Gauntlet | Found a transporter.
 13022 | Gauntlet | Found a transporter.
 13026 | Gauntlet | Found a transporter.
 13169 | Gauntlet | Found a runed translucent door.
 13250 | Gauntlet | Engulfed by a cloud of flame

Illustrated notes

Levels and vault maps discovered:
D:1:      dpeg_arrival_tiny_d, layout_basic
D:2:      layout_basic, basic_altar, serial_shops, shop_statue,
          serial_park_tiny_2, nicolae_titane
D:3:      layout_basic, serial_shops, nicolae_shop_bloodbath_and_beyond,
          uniq_ijyb, uniq_terence
D:4:      layout_cave_pools, nzn_overflow_gifts_of_might_and_magic,
          nicolae_overflow_two_pavilions, nicolae_eternal_life,
          minmay_checkerbox, uniq_sigmund
D:5:      minmay_goblin_kobold_castle, layout_basic, uniq_edmund
D:6:      layout_loops_ring, minmay_temple_entry_ruins, serial_shops,
          nicolae_shop_tiny_statue_garden
D:7:      layout_loops_cross, mainiacjoe_overflow_boulevard, serial_shops,
          nicolae_shop_trees, uniq_joseph, uniq_prince_ribbit1
D:8:      layout_loops_ring, ashenzari_conservatory_becter, lemuel_round_altar,
          serial_shops, nicolae_shop_back_alley_shop, shop,
          nicolae_shop_drivethru, shop, shop
D:9:      layout_rooms, nicolae_ru_sacrificial_ziggurat,
          mainiacjoe_overflow_small_starburst, dpeg_oklobed_lair,
          nicolae_shop_i_like_small_books_too, hex_intersection,
          grunt_decor_one_mirror
D:10:     minmay_weird_star, layout_loops_cross, lemuel_coloured_pillars_altar,
          orc_david_3, minivault_16, uniq_josephine, uniq_harold, uniq_urug
D:11:     layout_loops_ring, gauntlet_entry_generic
Temple:   hellmonk_temple_flake
Gauntlet: minmay_gauntlet_77_indecision [minmay_gauntlet_arena_77_shame_cube,
          minmay_gauntlet_arena_77_museum, minmay_gauntlet_arena_77_path,
          minmay_gauntlet_arena_77_terracotta_army,
          minmay_gauntlet_arena_77_mess,
          minmay_gauntlet_arena_77_chump_sandwich, gauntlet_exit_hidden_loot]

Skill      XL: |  1  2  3  4  5  6  7  8  9 10 11 |
---------------+----------------------------------+-----
Spellcasting   | 1 2 3 4 5 7 8 9 |  9.9
Conjurations   | 1 2 3 4 5 7 8 9 |  9.9
Hexes          | 1 2 3 4 5 7 8 9 |  9.9
Summonings     | 1 2 3 4 5 7 8 9 |  9.9
Necromancy     | 1 2 3 4 5 7 8 9 |  9.9
Translocations | 1 2 3 4 5 7 8 9 |  9.9
Transmutations | 1 2 3 4 5 7 8 9 |  9.9
Fire Magic     | 1 2 3 4 5 7 8 9 |  9.9
Ice Magic      | 1 2 3 4 5 7 8 9 |  9.9
Air Magic      | 1 2 3 4 5 7 8 9 |  9.9
Earth Magic    | 1 2 3 4 5 7 8 9 |  9.9
Poison Magic   | 1 2 3 4 5 7 8 9 |  9.9
Fighting       | 4 5 6 8 10 11 13 | 13.4
Long Blades    | |  1.7
Dodging        | |  2.1
Stealth        | |  4.1

Action                     |  1- 3 |  4- 6 |  7- 9 | 10-12 || total
---------------------------+-------+-------+-------+-------++-------
  Melee: Falchion          |    55 |       |       |       ||    55
         Spear             |    11 |    53 |   281 |   115 ||   460
         Punch             |       |       |     4 |       ||     4
   Cast: Frozen Ramparts   |       |       |     8 |     1 ||     9
         Summon Small Mamm |       |       |     1 |     2 ||     3
         Inner Flame       |       |       |     1 |    40 ||    41
         Lee's Rapid Decon |       |       |       |    42 ||    42
         Wereblood         |       |       |       |     1 ||     1
 Invoke: Ancestor Life: Kn |       |       |     1 |       ||     1
  Evoke: Wand              |       |       |     7 |     1 ||     8
    Use: Scroll            |       |       |     2 |       ||     2
         Potion            |       |       |     1 |     1 ||     2
   Stab: Sleeping          |       |     3 |    12 |     7 ||    22
         Distracted        |       |       |     1 |     1 ||     2
 Armour: Leather armour    |    34 |    24 |   172 |    67 ||   297
  Dodge: Dodged            |    49 |    22 |   172 |    76 ||   319

Table legend: (Time is in decaauts)
 A = Elapsed time spent in this place.
 B = Non-inter-level travel time spent in this place.
 C = Inter-level travel time spent in this place.
 D = Time resting spent in this place.
 E = Time spent auto-exploring this place.
 F = Levels seen in this place.
 G = Mean time per level.
                   A        B        C        D        E       F      G
               +--------+--------+--------+--------+--------+-----+--------+
         Total |  13322 |  12290 |   1032 |   2208 |   7775 |  13 | 1024.8 |
       Dungeon |  12932 |  11911 |   1021 |   2208 |   7616 |  11 | 1175.6 |
        Temple |     22 |     11 |     11 |      0 |      0 |   1 |   22.0 |
      Gauntlet |    366 |    366 |      0 |      0 |    159 |   1 |  366.0 |
               +--------+--------+--------+--------+--------+-----+--------+

Top non-repeatable levels by time:
     D:5: 2296 daAuts
     D:4: 1802 daAuts
    D:10: 1537 daAuts
     D:3: 1494 daAuts
     D:6: 1055 daAuts
     D:9: 1017 daAuts
     D:8: 1007 daAuts
     D:7: 986 daAuts
     D:2: 969 daAuts
     D:1: 695 daAuts
Gauntlet: 366 daAuts
    D:11: 71 daAuts
  Temple: 22 daAuts
